 Dungeon Crawl Stone Soup version 0.27.1-2-g3b301248ec (webtiles) character file.

Game seed: 4924497165139477169

1932 Crownlay the Cleaver (level 9, -4/74 HPs)
             Began as a Hill Orc Fighter on Oct 3, 2021.
             Was an Initiate of Okawaru.
             Slain by a cyclops (15 damage)
             ... on level 6 of the Dungeon.
             The game lasted 00:13:49 (5852 turns).

Crownlay the Cleaver (Hill Orc Fighter)             Turns: 5852, Time: 00:13:50

Health: -4/74      AC: 11    Str: 22    XL:     9   Next: 17%
Magic:  10/10      EV:  9    Int:  8    God:    Okawaru [......]
Gold:   300        SH:  0    Dex: 10    Spells: 8/8 levels left

rFire    + . .     SeeInvis .   C - +2 war axe (vamp)
rCold    + + .     Faith    .   (no shield)
rNeg     + . .     Spirit   .   b - +0 scale mail
rPois    .         Reflect  .   y - +0 helmet
rElec    .         Harm     .   i - scarf {rC+ rF+}
rCorr    .         Rampage  .   (no gloves)
Will     .....                  k - +2 pair of boots
Stlth    ..........             s - amulet of regeneration
HPRegen  1.22/turn              g - ring of positive energy
MPRegen  0.12/turn              h - ring of protection from cold

@: no status effects
A: no striking features
a: Renounce Religion


You were on level 6 of the Dungeon.
You worshipped Okawaru.
Okawaru was noncommittal.
You visited 2 branches of the dungeon, and saw 7 of its levels.

You collected 300 gold pieces.

Inventory:

Hand Weapons
 C - a +2 vampiric war axe (weapon)
Missiles
 A - 4 silver javelins
 F - 8 curare-tipped darts (quivered)
Armour
 b - a +0 scale mail (worn)
 c - a +0 kite shield
 i - a scarf of resistance (worn)
 k - a +2 pair of boots (worn)
 y - a +0 helmet (worn)
Jewellery
 g - a ring of positive energy (left hand)
 h - a ring of protection from cold (right hand)
 q - a +6 ring of intelligence
 s - an amulet of regeneration (around neck)
Wands
 B - a wand of flame (17)
Scrolls
 a - a scroll of enchant armour {unknown}
 d - 2 scrolls of noise
 f - a scroll of immolation {unknown}
 j - 6 scrolls of identify {unknown}
 m - a scroll of magic mapping {unknown}
 p - a scroll of summoning {unknown}
 r - 3 scrolls of fog {unknown}
 t - 2 scrolls of holy word {unknown}
 x - a scroll of amnesia {unknown}
 D - a scroll of torment {unknown}
 E - a scroll of vulnerability {unknown}
Potions
 e - 3 potions of curing {unknown}
 l - a potion of haste {unknown}
 n - a potion of might
 o - a potion of mutation {unknown}
 u - 2 potions of magic {unknown}
 v - 2 potions of flight {unknown}
 w - a potion of heal wounds {unknown}
 z - 2 potions of ambrosia {unknown}


   Skills:
 * Level 5.0 Fighting
 - Level 14.0 Axes
 - Level 3.2 Armour
 - Level 3.2 Shields
 + Level 2.4 Invocations


You had 8 spell levels left.
You didn't know any spells.
Your spell library contained the following spells:

 Spells                   Type           Power      Damage    Failure   Level
 Corpse Rot               Necr/Air       N/A        N/A       86%         2
 Poisonous Vapours        Pois/Air       0%         N/A       86%         2
 Static Discharge         Conj/Air       0%         N/A       86%         2
 Inner Flame              Hex/Fire       0%         N/A       98%         3
 Summon Guardian Golem    Hex/Summ       0%         N/A       98%         3
 Cause Fear               Hex            0%         N/A       100%        4
 Dispel Undead            Necr           0%         3d6       100%        4
 Sticky Flame             Conj/Fire      0%         2d3       100%        4
 Freezing Cloud           Conj/Ice/Air   0%         6-21      100%        5
 Orb of Destruction       Conj           0%         N/A       100%        7
 Spellforged Servitor     Conj/Summ      0%         N/A       100%        7
 Discord                  Hex            0%         N/A       100%        8


Dungeon Overview and Level Annotations

Branches:
Dungeon (6/15)             Temple (1/1) D:6

Altars:
Cheibriados
Dithmenos
Elyvilon
Fedhas
Gozag
Hepliaklqana
Kikubaaqudgha
Makhleb
Okawaru
Ru
Trog
Vehumet
Xom
Yredelemnul

Shops:
D:1 :   D:6 *

Annotations:
D:6 2 transporters, MisterFreud's ghost, novice GnFi


Message History

The scorpion is heavily wounded.
The scorpion stings you.
You slash the scorpion!
You feel better.
You kill the scorpion!
Okawaru accepts your kill.
Your Fighting skill increases to level 5!
No target in view!
No target in view!
No target in view!
No target in view!
You now have 300 gold pieces (gained 21).
There is an open door here.
You open the door.
A cyclops comes into view.
The cyclops shouts!
Found 16 gold pieces.
There is an open door here.
The cyclops hits you!
You hit the cyclops but do no damage. You slash the cyclops!
You feel better.
The cyclops is moderately wounded.
The cyclops hits you!!
You barely miss the cyclops.
The cyclops is moderately wounded.
You hit the cyclops.
You feel better.
The cyclops is moderately wounded.
The cyclops hits you!!
* * * LOW HITPOINT WARNING * * *
You are too injured to fight recklessly!
You slash the cyclops!
You feel better.
The cyclops is heavily wounded.
The cyclops hits you!
* * * LOW HITPOINT WARNING * * *
You hit the cyclops.
The cyclops is severely wounded.
Okay, then.
You completely miss the cyclops.
The cyclops is severely wounded.
The cyclops hits you!
You die...

.#.....####...##
.......# #.....#
#..##..###.....#
#.##.....#.....#
####....###...##
#########'### ####
##...##.....##...##
#.....#.....#.....#
####.....'..8..'@C..$#
...#[....#.....#.....#
##.##...##.....##...##
#.#######.....# ####
#.............#
###############


You could see a cyclops.

Vanquished Creatures
  Sigmund (D:2)
  A steam dragon (D:4)
  A water moccasin (D:6)
  An orc warrior (D:6)
  The ghost of T2blue the Firebug, an amateur FeFE of Qazlal (D:3)
  An ogre (D:6)
  3 phantoms
  4 scorpions
  A killer bee (D:6)
  2 vampire bats (D:4)
  A howler monkey (D:4)
  A crimson imp (D:6)
  2 orc priests
  A hound (D:3)
  A bullfrog skeleton (D:4)
  3 centaur skeletons
  3 iguanas
  2 orc wizards
  A howler monkey skeleton (D:4)
  11 adders
  A shadow imp (D:6)
  2 ufetubi
  2 dart slugs
  19 orcs
  7 bats
  2 bat skeletons (D:4)
  3 bat zombies (D:4)
  13 endoplasms
  4 giant cockroaches
  12 goblins
  7 hobgoblins
  4 jackals (D:4)
  4 quokkas
  6 ball pythons
  A ball python zombie (D:3)
  7 frilled lizards
  A giant cockroach zombie (D:3)
  9 kobolds
  7 rats
153 creatures vanquished.

Vanquished Creatures (others)
  6 plants (D:6)
6 creatures vanquished.

Grand Total: 159 creatures vanquished

Notes
Turn   | Place    | Note
-------+----------+-------------------------------------------
     0 | D:1      | Crownlay the Hill Orc Fighter began the quest for the Orb.
     0 | D:1      | Reached XP level 1. HP: 19/19 MP: 1/1
    29 | D:1      | Reached skill level 3 in Axes
    84 | D:1      | Reached XP level 2. HP: 26/26 MP: 2/2
   120 | D:1      | Reached skill level 4 in Axes
   218 | D:1      | Found Fedwaor's Book Shop.
   607 | D:1      | Reached XP level 3. HP: 23/31 MP: 3/3
   923 | D:2      | Reached skill level 5 in Axes
  1110 | D:2      | Reached XP level 4. HP: 27/39 MP: 4/4
  1285 | D:2      | Reached skill level 6 in Axes
  1621 | D:2      | Noticed Sigmund
  1626 | D:2      | Reached XP level 5. HP: 45/45 MP: 5/5
  1664 | D:2      | Killed Sigmund
  1665 | D:2      | Reached skill level 8 in Axes
  1665 | D:2      | Reached XP level 6. HP: 7/51 MP: 6/6
  2175 | D:3      | Found a blossoming altar of Fedhas.
  2285 | D:3      | Found a runed translucent gate.
  2285 | D:3      | Found a runed translucent gate.
  2285 | D:3      | Found a runed translucent gate.
  2285 | D:3      | Noticed T2blue's ghost (amateur FeFE)
  2295 | D:3      | Found a basalt altar of Yredelemnul.
  2362 | D:3      | Killed T2blue's ghost
  2363 | D:3      | Reached skill level 9 in Axes
  2656 | D:3      | Reached XP level 7. HP: 56/57 MP: 7/7
  2743 | D:3      | Reached skill level 10 in Axes
  3452 | D:4      | Found a sacrificial altar of Ru.
  3524 | D:4      | Reached skill level 11 in Axes
  3535 | D:4      | Noticed a steam dragon
  3547 | D:4      | Killed a steam dragon
  3548 | D:4      | Reached XP level 8. HP: 38/64 MP: 8/8
  3574 | D:4      | Reached skill level 12 in Axes
  3715 | D:4      | Found an opulent altar of Gozag.
  4064 | D:4      | Found an ancient bone altar of Kikubaaqudgha.
  4163 | D:5      | Entered Level 5 of the Dungeon
  4524 | D:5      | Reached skill level 13 in Axes
  4611 | D:5      | Found a shimmering altar of Xom.
  5094 | D:6      | Found a staircase to the Ecumenical Temple.
  5099 | Temple   | Entered the Ecumenical Temple
  5167 | Temple   | Became a worshipper of Warmaster Okawaru
  5221 | D:6      | Noticed MisterFreud's ghost (novice GnFi)
  5383 | D:6      | Reached skill level 14 in Axes
  5383 | D:6      | Reached XP level 9. HP: 53/71 MP: 9/9
  5403 | D:6      | Found Xyitt's Assorted Antiques.
  5463 | D:6      | Reached skill level 1 in Invocations
  5478 | D:6      | Found a shadowy altar of Dithmenos.
  5555 | D:6      | Found a transporter.
  5555 | D:6      | Found a transporter.
  5669 | D:6      | Found a burning altar of Makhleb.
  5711 | D:6      | Found a white marble altar of Elyvilon.
  5711 | D:6      | Found a snail-covered altar of Cheibriados.
  5834 | D:6      | Reached skill level 5 in Fighting
  5843 | D:6      | Noticed a cyclops
  5852 | D:6      | Slain by a cyclops

Illustrated notes

Levels and vault maps discovered:
D:1:      wander_arrival_desolate, layout_rooms, serial_shops,
          nicolae_shop_stone
D:2:      layout_basic, uniq_sigmund
D:3:      layout_loops_ring, fedhas_ov_isle_minmay,
          nicolae_yredelemnul_ghost_church
D:4:      layout_basic, kennysheep_vampire_church, nicolae_gozag_seed_capital,
          nicolae_ru_great_annihilating_truth
D:5:      layout_basic, tgw_xom, chequers_serial_rivers_room_b
D:6:      layout_cave_pools, lemuel_coloured_pillars_altar,
          makhleb_grotto_becter, gammafunk_temple_overflow_wave,
          minmay_temple_entry_arrows, gammafunk_ghost_gnarly_gnolls,
          serial_shops, shop_statue, minmay_three_doors
Temple:   nicolae_temple_figure_zero

Skill      XL: |  1  2  3  4  5  6  7  8  9 |
---------------+----------------------------+-----
Axes           | 3 4 5 6 8 9 11 14 | 14.0
Fighting       | 5 |  5.0
Invocations    | 2 |  2.4
Armour         | |  3.2
Shields        | |  3.2

Action                   |  1- 3 |  4- 6 |  7- 9 || total
-------------------------+-------+-------+-------++-------
Melee: War axe           |    84 |   134 |   289 ||   507
Throw: Dart              |       |       |     1 ||     1
  Use: Potion            |       |     1 |       ||     1
       Scroll            |       |     1 |       ||     1
 Stab: Invisible         |       |       |     1 ||     1
       Paralysed         |       |       |     1 ||     1
Armor: Scale mail        |    43 |    88 |   133 ||   264
Dodge: Dodged            |    51 |    63 |   107 ||   221
